 Dungeon Crawl Stone Soup version 0.28-a0-1199-gef9e1dbd39 (webtiles) character file.

Game seed: 10470884692997390319

420 croobank the Poker (level 6, -2/49 HPs)
             Began as a Merfolk Abyssal Knight on Dec 19, 2021.
             Was a Believer of Lugonu.
             Succumbed to a scorpion's poison
             ... on level 4 of the Dungeon.
             The game lasted 00:27:32 (5032 turns).

croobank the Poker (Merfolk Abyssal Knight)         Turns: 5032, Time: 00:27:33

Health: -2/49      AC:  9    Str: 15    XL:     6   Next: 94%
Magic:  8/8        EV: 13    Int:  9    God:    Lugonu [**....]
Gold:   103        SH:  0    Dex: 15    Spells: 5/5 levels left

rFire   . . .      SeeInvis .   a - +1 spear
rCold   . . .      Faith    .   (no shield)
rNeg    . . .      Spirit   .   b - +0 leather armour
rPois   .          Reflect  .   o - +1 helmet
rElec   .          Harm     .   k - +0 cloak
rCorr   .          Rampage  .   (no gloves)
Will    .....                   (no boots)
Stlth   +.........              (no amulet)
HPRegen 0.16/turn               (no ring)
MPRegen 0.11/turn               (no ring)

@: lethally poisoned (-2 -> -18)
A: (nimble swimmer 2), mertail, iridescent scales 1, shaggy fur 1
a: Renounce Religion, Depart the Abyss, Bend Space


You were on level 4 of the Dungeon.
You worshipped Lugonu.
Lugonu was pleased with you.
You visited 1 branch of the dungeon, and saw 4 of its levels.
You visited the Abyss 1 time.

You collected 103 gold pieces.

Inventory:

Hand Weapons
 a - a +1 spear (weapon)
 g - a +4 whip
 h - a +0 vorpal long sword
Missiles
 d - 152 stones
 j - a throwing net (quivered)
Armour
 b - a +0 leather armour (worn)
 c - a +0 ring mail
 k - a +0 cloak (worn)
 n - a +0 plate armour
 o - a +1 helmet (worn)
Wands
 l - a wand of iceblast (7)
Scrolls
 e - a scroll of amnesia
 i - a scroll of blinking


   Skills:
 + Level 4.7 Fighting
 + Level 5.2 Polearms
 + Level 2.2 Armour
 + Level 4.8 Dodging
 + Level 3.8 Invocations


You had 5 spell levels left.
You didn't know any spells.
Your spell library contained the following spells:

 Spells                   Type           Power      Damage    Failure   Level
 Inner Flame              Hex/Fire       0%         N/A       83%         3
 Cause Fear               Hex            0%         N/A       99%         4
 Discord                  Hex            0%         N/A       100%        8


Dungeon Overview and Level Annotations

Branches:
Dungeon (4/15)
 Temple: D:4-7

Altars:
Kikubaaqudgha


Innate Abilities, Weirdness & Mutations

((You are quick and stealthy near water. (Stealth+, EV+, Speed+++)))
Your lower body shifts to a powerful aquatic tail in water.
You are partially covered in iridescent scales. (AC +2)
You are covered in fur. (AC +1)


Message History

You feel sick.
The scorpion stings you but does no damage.
You feel better. The scorpion barely misses you.
You barely miss the scorpion.
The scorpion is almost dead.
The scorpion misses you.
You hit the scorpion.
The scorpion is almost dead.
The scorpion barely misses you.
You barely miss the scorpion.
The scorpion is almost dead.
The scorpion stings you.
You are poisoned.
The scorpion poisons you!
You barely miss the scorpion.
The scorpion is almost dead.
You feel very sick. The scorpion stings you.
You closely miss the scorpion.
The scorpion is almost dead.
You feel sick. The scorpion stings you.
* * * LOW HITPOINT WARNING * * *
You are lethally poisoned!
The scorpion poisons you!
Okay, then.
You aren't carrying any potions.
You hit the scorpion.
You kill the scorpion!
Lugonu accepts your kill.
* * * LOW HITPOINT WARNING * * *
You feel very sick.
You feel your intelligence returning.
As you read the scroll labelled NEM EMMEMNI, it crumbles to dust.
Wisps of shadow whirl around you...
It was a scroll of summoning.
* * * LOW HITPOINT WARNING * * *
You feel very sick.
As you read the scroll labelled MEFAG KOTHAED, it crumbles to dust.
It is a scroll of enchant armour.
Your +0 helmet glows green for a moment.
You die...

..##.. .#...# #. .....
...##.... . #.#....##
..#....g.. ##
....#...g###..##.
...........†@.......
...........)#.......
..........##.......
#.....##.###...... #
.....#...........
#....#...####........
.###....##..#.....#.....
♣..#..............#....#
♣.........#..........###


You could see a friendly hobgoblin (summoned) and a friendly goblin (summoned).

Vanquished Creatures
  A black bear (D:3)
  Blork the orc (D:4)
  A scorpion (D:4)
  An orc priest (D:4)
  Ijyb (D:3)
  5 adders
  A gnoll (D:2)
  A worm (D:2)
  3 dart slugs (D:1)
  6 orcs
  11 endoplasms
  5 giant cockroaches
  6 hobgoblins
  12 jackals
  2 quokkas (D:3)
  7 ball pythons
  6 bats
  2 frilled lizards (D:3)
  6 goblins
  11 kobolds
  2 rats
91 creatures vanquished.

Vanquished Creatures (others)
  A plant (D:1)
1 creature vanquished.

Grand Total: 92 creatures vanquished

Notes
Turn   | Place    | Note
-------+----------+-------------------------------------------
     0 | Abyss:1  | croobank the Merfolk Abyssal Knight began the quest for the
                  | Orb.
     0 | Abyss:1  | Reached XP level 1. HP: 18/18 MP: 2/2
    94 | Abyss:1  | Noticed a hell knight
    94 | Abyss:1  | Noticed a fire bat
    96 | D:1      | Escaped the Abyss
   200 | D:1      | Reached XP level 2. HP: 19/24 MP: 3/3
   295 | D:2      | HP: 1/24 [jackal (2)]
   300 | D:2      | Reached * piety under Lugonu
   613 | D:2      | Reached skill level 1 in Armour
   985 | D:2      | Reached XP level 3. HP: 24/29 MP: 4/4
  1523 | D:1      | Found a faded altar of an unknown god.
  1609 | D:1      | Reached XP level 4. HP: 24/37 MP: 5/5
  1633 | D:1      | Gained mutation: You are partially covered in iridescent
                  | scales. (AC +2) [potion of mutation]
  1633 | D:1      | Gained mutation: You are covered in fur. (AC +1) [potion of
                  | mutation]
  1697 | D:1      | Reached ** piety under Lugonu
  2599 | D:2      | Reached skill level 4 in Polearms
  3229 | D:3      | Reached XP level 5. HP: 13/42 MP: 7/7
  3713 | D:3      | Noticed a black bear
  3733 | D:3      | Killed a black bear
  3734 | D:3      | Reached XP level 6. HP: 10/49 MP: 8/8
  4306 | D:4      | Noticed Ijyb
  4332 | D:3      | Killed Ijyb
  4632 | D:4      | Found an ancient bone altar of Kikubaaqudgha.
  4664 | D:4      | Noticed Blork the orc
  4793 | D:4      | Killed Blork the orc
  4794 | D:4      | Reached skill level 5 in Polearms
  5031 | D:4      | HP: 2/49 [poisoned by a scorpion]
  5032 | D:4      | Succumbed to a scorpion's poison

Illustrated notes

Levels and vault maps discovered:
D:1:      pf_arrival_petrified_forest, layout_rooms, serial_forest,
          infiniplex_forest_lined_4_way, infiniplex_forest_lined_corner,
          infiniplex_forest_lined_room_, infiniplex_forest_split,
          infiniplex_forest_clump_long, infiniplex_forest_zigzag_2,
          infiniplex_forest_straight_2, shapermc_ecumenical_altar_totnotflames,
          minivault_23, lemuel_another_geyser
D:2:      layout_basic, roderic_serpentine_path, hex_large, cheibrodos_gnoll_hut
D:3:      layout_rooms, kennysheep_cross_room, grunt_decor_resistance,
          patterned_corridor
D:4:      layout_cave_pools, mainiacjoe_overflow_alcove_1,
          amcnicky_altar_gilded, uniq_blork_the_orc, uniq_ijyb, uniq_robin

Skill      XL: |  1  2  3  4  5  6 |
---------------+-------------------+-----
Armour         | 1 2 |  2.2
Dodging        | 3 4 |  4.8
Polearms       | 4 5 |  5.2
Fighting       | 4 |  4.7
Invocations    | 3 |  3.8

Action                   |  1- 3 |  4- 6 || total
-------------------------+-------+-------++-------
Melee: Spear             |   148 |   289 ||   437
Throw: Throwing net      |       |     1 ||     1
Invok: Depart the Abyss  |     1 |       ||     1
  Use: Scroll            |     2 |     5 ||     7
       Potion            |       |     6 ||     6
Armor: Ring mail         |    59 |    82 ||   141
       Leather armour    |       |    20 ||    20
Dodge: Dodged            |    89 |   177 ||   266

Table legend: (Time is in decaauts)
 A = Elapsed time spent in this place.
 B = Non-inter-level travel time spent in this place.
 C = Inter-level travel time spent in this place.
 D = Time resting spent in this place.
 E = Time spent auto-exploring this place.
 F = Levels seen in this place.
 G = Mean time per level.
                   A        B        C        D        E       F      G
               +--------+--------+--------+--------+--------+-----+--------+
         Total |   4987 |   4929 |     58 |   2116 |   1677 |   5 |  997.4 |
       Dungeon |   4891 |   4833 |     58 |   2116 |   1677 |   4 | 1222.8 |
         Abyss |     96 |     96 |      0 |      0 |      0 |   1 |   96.0 |
               +--------+--------+--------+--------+--------+-----+--------+

Top non-repeatable levels by time:
     D:3: 1553 daAuts
     D:2: 1486 daAuts
     D:1: 1361 daAuts
     D:4: 491 daAuts
 Abyss:1: 96 daAuts
